PBL
AMARILLO THUNDERHEADS @ VICTORIA CAPITALS
09/06/2044
 
TOP OF THE 1ST
Amarillo ThunderHeads batting - Pitching for Victoria Capitals : LHP Kevin Roberts
Pitching: LHP Kevin Roberts
Batting: RHB Luis Reyna 0-0: Ball
1-0: Called Strike
1-1: Ball
2-1: Fly out, F3 (Line Drive, 3, EV 71.9 MPH)
Batting: SHB Zack Barton 0-0: Ground out 5-3 (Groundball, 5S, EV 94.4 MPH)
Batting: RHB Bryan Wheeler 0-0: Fly out, F9 (Flyball, 89D, EV 100.6 MPH)
Top of the 1st over - 0 runs, 0 hits, 0 errors, 0 left on base; Amarillo 0 - Victoria 0
BOTTOM OF THE 1ST
Victoria Capitals batting - Pitching for Amarillo ThunderHeads : RHP Bobby Scott
Pitching: RHP Bobby Scott
Batting: LHB Addisu Nyamekye 0-0: Called Strike
0-1: Ball
1-1: Hit by Pitch
Batting: RHB Nick Edmunds 0-0: Ball
1-0: Ball
2-0: Called Strike
2-1: Swinging Strike
2-2: Ball
3-2: Foul Ball, location: 2F
3-2: Foul Ball, location: 2F
3-2: Foul Ball, location: 2F
3-2: Foul Ball, location: 2F
3-2: Base on Balls
Addisu Nyamekye to second
Batting: LHB Taki Matsui 0-0: Ball
1-0: Foul Ball, location: 2F
1-1: Swinging Strike
1-2: 3-RUN HOME RUN (Flyball, 9D, EV 94.4 MPH), Distance : 360 ft
Batting: RHB Jesus Santiago 0-0: Foul Ball, location: 2F
0-1: Called Strike
0-2: Ground out 4-3 (Groundball, 4M, EV 102.5 MPH)
Batting: LHB Ryan Daniels 0-0: Ball
1-0: Ball
2-0: Ball
3-0: Base on Balls
Batting: RHB Enrique Valdez 0-0: Called Strike
0-1: Ball
1-1: 2-RUN HOME RUN (Flyball, 7D, EV 91.3 MPH), Distance : 351 ft
Batting: SHB Ray Skogen 0-0: Foul Ball, location: 2F
0-1: Foul Ball, location: 2F
0-2: Fly out, F6 (Popup, 56D, EV 57.5 MPH)
Batting: SHB Frank Amato 0-0: Ball
1-0: Called Strike
1-1: Foul Ball, location: 2F
1-2: Ball
2-2: Ball
3-2: SINGLE (Groundball, 34D, EV 98.1 MPH)
Batting: RHB David Greene 0-0: Ball
1-0: Foul Ball, location: 2F
1-1: Foul Ball, location: 2F
1-2: Ball
2-2: Ball
3-2: Foul Ball, location: 2F
3-2: SINGLE (Line Drive, 9LS, EV 88.8 MPH)
Frank Amato to second
Frank Amato to third
Batting: LHB Addisu Nyamekye 0-0: Called Strike
0-1: Ball
1-1: Swinging Strike
1-2: Fielders Choice at 2nd, 6-4 (Groundball, 6, EV 79.4 MPH)
Bottom of the 1st over - 5 runs, 4 hits, 0 errors, 2 left on base; Amarillo 0 - Victoria 5
TOP OF THE 2ND
Amarillo ThunderHeads batting - Pitching for Victoria Capitals : LHP Kevin Roberts
Batting: RHB Salvatore Zamora 0-0: DOUBLE (Flyball, 89D, EV 100.6 MPH)
Batting: RHB Nick Solberg 0-0: Ball
1-0: Ball
2-0: SINGLE (Line Drive, 56D, EV 95.0 MPH)
Salvatore Zamora to third
Batting: RHB Elias Sagrero 0-0: Ball
1-0: SINGLE (Line Drive, 7S, EV 95.0 MPH)
Salvatore Zamora scores
Nick Solberg to second
Batting: RHB Luis Solorzano 0-0: Called Strike
0-1: Swinging Strike
0-2: Ball
1-2: Ball
2-2: Foul Ball, location: 2F
2-2: Ball
3-2: Foul Ball, location: 2F
3-2: Ground out 6-3 (Groundball, 4MS, EV 64.4 MPH)
Nick Solberg to third
Elias Sagrero to second
Batting: RHB Ferdi Schipper 0-0: Fly out, F5 (Flyball, 5D, EV 86.3 MPH)
Batting: SHB Tyler Romo 0-0: Ball
1-0: SINGLE (Flyball, 5D, EV 91.9 MPH)
Nick Solberg scores
Elias Sagrero to third
Batting: RHB Luis Reyna 0-0: Called Strike
Passed Ball!
Elias Sagrero scores
Tyler Romo to second
0-1: Ball
1-1: Called Strike
1-2: Ball
2-2: Strikes out swinging
Top of the 2nd over - 3 runs, 4 hits, 0 errors, 1 left on base; Amarillo 3 - Victoria 5
BOTTOM OF THE 2ND
Victoria Capitals batting - Pitching for Amarillo ThunderHeads : RHP Bobby Scott
Batting: RHB Nick Edmunds 0-0: Foul Ball, location: 2F
0-1: Foul Ball, location: 2F
0-2: Ball
1-2: Ground out 3-1 (Groundball, 34, EV 84.4 MPH)
Batting: LHB Taki Matsui 0-0: Ball
1-0: Foul Ball, location: 2F
1-1: Ball
2-1: Called Strike
2-2: Ball
3-2: Base on Balls
Batting: RHB Jesus Santiago 0-0: Foul Ball, location: 2F
0-1: Foul Ball, location: 2F
0-2: Ball
1-2: Ball
2-2: Ball
3-2: Fielders Choice at 2nd, 1-4 (Groundball, 15S, EV 66.9 MPH)
Batting: LHB Ryan Daniels 0-0: Foul Ball, location: 2F
0-1: Ball
1-1: Ball
Wild Pitch!
Jesus Santiago to second
2-1: Ball
3-1: Foul Ball, location: 2F
3-2: Strikes out swinging
Bottom of the 2nd over - 0 runs, 0 hits, 0 errors, 1 left on base; Amarillo 3 - Victoria 5
TOP OF THE 3RD
Amarillo ThunderHeads batting - Pitching for Victoria Capitals : LHP Kevin Roberts
Batting: SHB Zack Barton 0-0: Ball
1-0: SINGLE (Groundball, 6MD, EV 100.0 MPH)
Batting: RHB Bryan Wheeler 0-0: Called Strike
0-1: Ball
1-1: Fly out, F8 (Flyball, 89M, EV 97.5 MPH)
Batting: RHB Salvatore Zamora 0-0: Called Strike
Zack Barton steals 2nd base
0-1: Foul Ball, location: 2F
0-2: Ball
1-2: Ball
2-2: Foul Ball, location: 2F
2-2: Foul Ball, location: 2F
2-2: Foul Ball, location: 2F
2-2: Ground out 5-3 (Groundball, 56, EV 101.3 MPH)
Batting: RHB Nick Solberg 0-0: Called Strike
0-1: Foul Ball, location: 2F
0-2: Foul Ball, location: 2F
0-2: Foul Ball, location: 2F
0-2: Ball
1-2: Ground out 5-3 (Groundball, 56, EV 103.8 MPH)
Top of the 3rd over - 0 runs, 1 hit, 0 errors, 1 left on base; Amarillo 3 - Victoria 5
BOTTOM OF THE 3RD
Victoria Capitals batting - Pitching for Amarillo ThunderHeads : RHP Bobby Scott
Batting: RHB Enrique Valdez 0-0: Ball
1-0: Called Strike
1-1: Foul Ball, location: 2F
1-2: Fly out, F8 (Flyball, 8LM, EV 90.0 MPH)
Batting: SHB Ray Skogen 0-0: Swinging Strike
0-1: Foul Ball, location: 2F
0-2: Ball
1-2: Ball
2-2: Strikes out swinging
Batting: SHB Frank Amato 0-0: Called Strike
0-1: Ball
1-1: Ball
2-1: Ball
3-1: Base on Balls
Batting: RHB David Greene 0-0: Ball
1-0: Ball
2-0: Called Strike
2-1: Fielders Choice at 2nd, 5-4 (Groundball, 56, EV 90.6 MPH)
Bottom of the 3rd over - 0 runs, 0 hits, 0 errors, 1 left on base; Amarillo 3 - Victoria 5
TOP OF THE 4TH
Amarillo ThunderHeads batting - Pitching for Victoria Capitals : LHP Kevin Roberts
Batting: RHB Elias Sagrero 0-0: Foul Ball, location: 2F
0-1: Ball
1-1: Foul Ball, location: 2F
1-2: Strikes out swinging
Batting: RHB Luis Solorzano 0-0: Called Strike
0-1: Foul Ball, location: 2F
0-2: SINGLE (Line Drive, 34D, EV 107.5 MPH)
Batting: RHB Ferdi Schipper 0-0: Ball
1-0: Ball
2-0: Swinging Strike
2-1: Swinging Strike
2-2: Foul Ball, location: 2F
2-2: Foul Ball, location: 2F
2-2: Foul Ball, location: 2F
2-2: Strikes out looking
Batting: SHB Tyler Romo 0-0: Ball
1-0: Ball
2-0: Called Strike
2-1: Ball
3-1: Fly out, F9 (Flyball, 9LS, EV 81.9 MPH)
Top of the 4th over - 0 runs, 1 hit, 0 errors, 1 left on base; Amarillo 3 - Victoria 5
BOTTOM OF THE 4TH
Victoria Capitals batting - Pitching for Amarillo ThunderHeads : RHP Bobby Scott
Batting: LHB Addisu Nyamekye 0-0: SINGLE (Flyball, 34D, EV 91.3 MPH)
Batting: RHB Nick Edmunds 0-0: Ball
Addisu Nyamekye is caught stealing 2nd base 2-4
1-0: Foul Ball, location: 2F
1-1: Called Strike
1-2: SINGLE (Groundball, 3D, EV 102.5 MPH)
Batting: LHB Taki Matsui 0-0: Ball
1-0: Called Strike
1-1: Ball
2-1: Reached on error, E3 (Groundball, 34S, EV 90.0 MPH)
Nick Edmunds to second
Batting: RHB Jesus Santiago 0-0: Ball
1-0: Ball
2-0: Foul Ball, location: 2F
2-1: Called Strike
2-2: Foul Ball, location: 2F
2-2: Foul Ball, location: 2F
2-2: Ball
3-2: Foul Ball, location: 2F
3-2: Base on Balls
Nick Edmunds to third
Taki Matsui to second
Pitching: RHP Danny Alvarez
Batting: LHB Ryan Daniels 0-0: Fielders Choice at 2nd, 4-6 (Groundball, 4M, EV 76.3 MPH)
Nick Edmunds scores
Taki Matsui to third
Batting: RHB Enrique Valdez 0-0: Ball
1-0: Fly out, F9 (Flyball, 89XD, EV 103.1 MPH)
Bottom of the 4th over - 1 run, 2 hits, 1 error, 2 left on base; Amarillo 3 - Victoria 6
TOP OF THE 5TH
Amarillo ThunderHeads batting - Pitching for Victoria Capitals : LHP Kevin Roberts
Batting: RHB Luis Reyna 0-0: Ball
1-0: Foul Ball, location: 2F
1-1: Ball
2-1: Ball
3-1: Foul Ball, location: 2F
3-2: Base on Balls
Batting: SHB Zack Barton 0-0: Called Strike
0-1: Ball
1-1: Ball
2-1: Foul Ball, location: 2F
2-2: Ball
3-2: Base on Balls
Luis Reyna to second
Pitching: RHP Frank Cabrera
Batting: RHB Bryan Wheeler 0-0: Ball
1-0: Fly out, F9 (Flyball, 9D, EV 86.3 MPH)
Runner from 2nd tags up, SAFE at 3rd, no throw by RF
Batting: RHB Salvatore Zamora 0-0: Called Strike
0-1: Ball
1-1: Ball
2-1: Foul Ball, location: 2F
2-2: Foul Ball, location: 2F
2-2: Ball
Zack Barton steals 2nd base (no throw)
3-2: SINGLE (Line Drive, 78S, EV 90.0 MPH)
Luis Reyna scores
Zack Barton to third
Runner from 3rd tries for Home, SAFE, throw by LF to home
Batting: RHB Nick Solberg 0-0: Ball
1-0: Foul Ball, location: 2F
1-1: SINGLE (Groundball, 56S, EV 70.6 MPH) (infield hit)
Salvatore Zamora to second
Batting: RHB Elias Sagrero 0-0: Called Strike
0-1: Fly out, F7 (Line Drive, 7, EV 98.1 MPH)
Batting: RHB Luis Solorzano 0-0: Foul Ball, location: 2F
0-1: Called Strike
0-2: Fly out, F9 (Flyball, 89M, EV 78.8 MPH)
Top of the 5th over - 2 runs, 2 hits, 0 errors, 2 left on base; Amarillo 5 - Victoria 6
BOTTOM OF THE 5TH
Victoria Capitals batting - Pitching for Amarillo ThunderHeads : RHP Danny Alvarez
Batting: SHB Ray Skogen 0-0: Foul Ball, location: 2F
0-1: Fly out, F7 (Flyball, 78M, EV 86.3 MPH)
Batting: SHB Frank Amato 0-0: Called Strike
0-1: Foul Ball, location: 2F
0-2: Strikes out swinging
Batting: RHB David Greene 0-0: Ball
1-0: Called Strike
1-1: Ball
2-1: Ball
3-1: Base on Balls
Batting: LHB Addisu Nyamekye 0-0: Called Strike
David Greene steals 2nd base
0-1: Ball
1-1: Fly out, F8 (Flyball, 8LS, EV 86.9 MPH)
Bottom of the 5th over - 0 runs, 0 hits, 0 errors, 1 left on base; Amarillo 5 - Victoria 6
TOP OF THE 6TH
Amarillo ThunderHeads batting - Pitching for Victoria Capitals : RHP Frank Cabrera
Batting: RHB Ferdi Schipper 0-0: Foul Ball, location: 2F
0-1: Ball
1-1: Ground out 6-3 (Groundball, 6, EV 82.5 MPH)
Batting: SHB Tyler Romo 0-0: Foul Ball, location: 2F
0-1: Ground out 4-3 (Groundball, 4, EV 93.8 MPH)
Batting: RHB Luis Reyna 0-0: SINGLE (Groundball, 4MD, EV 97.5 MPH)
Batting: SHB Zack Barton 0-0: Called Strike
Luis Reyna steals 2nd, throwing error, E2
Luis Reyna to third
0-1: Fly out, F8 (Flyball, 8RD, EV 86.9 MPH)
Top of the 6th over - 0 runs, 1 hit, 1 error, 1 left on base; Amarillo 5 - Victoria 6
BOTTOM OF THE 6TH
Victoria Capitals batting - Pitching for Amarillo ThunderHeads : RHP Danny Alvarez
Batting: RHB Nick Edmunds 0-0: Called Strike
0-1: Foul Ball, location: 2F
0-2: Ball
1-2: Ball
2-2: Ball
3-2: Fly out, F9 (Flyball, 9LM, EV 109.4 MPH)
Batting: LHB Taki Matsui 0-0: Ball
1-0: Called Strike
1-1: Foul Ball, location: 2F
1-2: Strikes out swinging
Batting: RHB Jesus Santiago 0-0: Ball
1-0: SINGLE (Groundball, 56D, EV 95.6 MPH)
Batting: LHB Ryan Daniels 0-0: DOUBLE (Flyball, 78D, EV 89.4 MPH)
Jesus Santiago to third
Runner from 3rd tries for Home, SAFE, no throw by LF
Batting: RHB Enrique Valdez 0-0: Foul Ball, location: 2F
0-1: Swinging Strike
0-2: Ball
1-2: Ground out 5-3 (Groundball, 56, EV 81.9 MPH)
Bottom of the 6th over - 1 run, 2 hits, 0 errors, 1 left on base; Amarillo 5 - Victoria 7
TOP OF THE 7TH
Amarillo ThunderHeads batting - Pitching for Victoria Capitals : RHP Frank Cabrera
Pitching: RHP Chris Julien
Batting: RHB Bryan Wheeler 0-0: Ball
1-0: Ball
2-0: Called Strike
2-1: Called Strike
2-2: Foul Ball, location: 2F
2-2: Ball
3-2: Strikes out swinging
Batting: RHB Salvatore Zamora 0-0: Foul Ball, location: 2F
0-1: Fly out, F8 (Line Drive, 8RM, EV 96.3 MPH)
Batting: RHB Nick Solberg 0-0: Called Strike
0-1: Foul Ball, location: 2F
0-2: Fly out, F3 (Popup, 3SF, EV 83.8 MPH)
Top of the 7th over - 0 runs, 0 hits, 0 errors, 0 left on base; Amarillo 5 - Victoria 7
BOTTOM OF THE 7TH
Victoria Capitals batting - Pitching for Amarillo ThunderHeads : RHP Danny Alvarez
Pitching: RHP Bryan Bennett
Batting: SHB Ray Skogen 0-0: Called Strike
0-1: Ball
1-1: Swinging Strike
1-2: Strikes out looking
Batting: SHB Frank Amato 0-0: Called Strike
0-1: Ball
1-1: Ground out 1-3 (Groundball, P, EV 69.4 MPH)
Batting: RHB David Greene 0-0: Called Strike
0-1: Foul Ball, location: 2F
0-2: Strikes out swinging
Bottom of the 7th over - 0 runs, 0 hits, 0 errors, 0 left on base; Amarillo 5 - Victoria 7
TOP OF THE 8TH
Amarillo ThunderHeads batting - Pitching for Victoria Capitals : RHP Chris Julien
Batting: RHB Elias Sagrero 0-0: Swinging Strike
0-1: Fly out, F8 (Flyball, 8LXD, EV 106.3 MPH)
Pinch Hitting: LHB Santino Pisanello 0-0: Ball
1-0: Ground out 5-3 (Groundball, 56, EV 96.9 MPH)
Batting: RHB Ferdi Schipper 0-0: Called Strike
0-1: Ball
1-1: Swinging Strike
1-2: Strikes out swinging, 2-3 out at first.
Top of the 8th over - 0 runs, 0 hits, 0 errors, 0 left on base; Amarillo 5 - Victoria 7
BOTTOM OF THE 8TH
Victoria Capitals batting - Pitching for Amarillo ThunderHeads : RHP Bryan Bennett
Now at 3B: Jose Barboza
Batting: LHB Addisu Nyamekye 0-0: Ball
1-0: Swinging Strike
1-1: Called Strike
1-2: Foul Ball, location: 2F
1-2: Ball
2-2: Ball
3-2: Foul Ball, location: 2F
3-2: Foul Ball, location: 2F
3-2: Strikes out swinging
Batting: RHB Nick Edmunds 0-0: Ball
1-0: Ball
2-0: Ball
3-0: Called Strike
3-1: Foul Ball, location: 2F
3-2: Foul Ball, location: 2F
3-2: Ground out 1-3 (Groundball, 13S, EV 66.9 MPH)
Batting: LHB Taki Matsui 0-0: Ground out 4-3 (Groundball, 4, EV 91.9 MPH)
Bottom of the 8th over - 0 runs, 0 hits, 0 errors, 0 left on base; Amarillo 5 - Victoria 7
TOP OF THE 9TH
Amarillo ThunderHeads batting - Pitching for Victoria Capitals : RHP Chris Julien
Pitching: RHP Kieran Easton
Now at 2B: Danny Pujols
Batting: SHB Tyler Romo 0-0: Called Strike
0-1: Swinging Strike
0-2: Strikes out looking
Batting: RHB Luis Reyna 0-0: SINGLE (Groundball, 6D, EV 103.8 MPH)
Batting: SHB Zack Barton 0-0: Ball
1-0: Ball
2-0: Called Strike
2-1: SINGLE (Groundball, 6MD, EV 100.6 MPH)
Luis Reyna to second
Batting: RHB Bryan Wheeler 0-0: Called Strike
0-1: Called Strike
0-2: Ball
1-2: Strikes out swinging
Batting: RHB Salvatore Zamora 0-0: Ball
1-0: Foul Ball, location: 2F
1-1: Foul Ball, location: 2F
1-2: Fly out, F9 (Line Drive, 9LM, EV 107.5 MPH)
Top of the 9th over - 0 runs, 2 hits, 0 errors, 2 left on base; Amarillo 5 - Victoria 7
Thursday, March 31st , 2022 - OOTP Baseball 22.12 Build 89